Map: 星軌船廠

Players

Expect

  • Race: Terran Terran
  • League: Master

Sen - Winner!

  • Race: Zerg Zerg
  • League: Master

Event: 2016 WCS Winter Challenger Taiwan

VOD

Have the link to the VOD?

Description

Time

  • Played on: Jan. 9, 2016, 4:39 a.m.
  • Length: 8:57

All games in this series

Show
View Real Time Build Order
Export as new Build Order

Expect Terran 

Build Orders: Reaper Expand, MMM Bio 

Get SALT Encoding   

  12  0:00  SCV  
  13  0:12  SCV  
  14  0:18  Supply Depot  
  14  0:25  SCV  
  15  0:40  SCV  
  15  0:41  Barracks  
  16  0:46  Refinery  
  16  0:54  SCV  
  17  1:06  SCV  
  18  1:18  SCV  
  19  1:31  Reaper  
  19  1:32  Orbital Command  
  20  1:43  Command Center  
  20  1:58  SCV  
  21  2:03  Marine  
  21  2:05  Supply Depot  
  22  2:10  Factory  
  22  2:12  SCV  
  23  2:27  SCV  
  24  2:34  Barracks Reactor  
  24  2:39  SCV  
  24  2:43  Barracks  
  25  2:45  Barracks  
  26  2:51  SCV  
  26  2:56  Orbital Command  
  26  3:03  Factory Tech Lab, SCV  
  27  3:12  Marine x2  
  28  3:13  Refinery  
  28  3:15  SCV  
  30  3:24  SCV  
  31  3:27  Siege Tank, SCV  
  31  3:30  Marine x2  
  37  3:36  SCV, Barracks Tech Lab  
  37  3:39  SCV  
  39  3:41  Barracks Tech Lab  
  39  3:48  SCV, Marine x2  
  41  3:50  Supply Depot  
  41  3:51  SCV  
  43  3:55  Marine  
  43  3:59  Stimpack  
  43  4:00  SCV, Marine  
  46  4:07  Supply Depot  
  46  4:12  SCV x2  
  48  4:23  Command Center  
  47  4:24  SCV x2  
  47  4:25  Supply Depot  
  49  4:32  Starport  
  49  4:36  Refinery, SCV  
  49  4:37  Refinery, SCV  
  51  4:45  Siege Tank  
  54  4:46  Marine x2  
  54  4:48  SCV, Marine x2  
  54  4:52  SCV  
  60  5:00  Supply Depot, SCV  
  60  5:05  Engineering Bay  
  60  5:06  Engineering Bay  
  61  5:08  SCV  
  61  5:12  SCV, Starport Reactor  
  63  5:17  Combat Shields  
  63  5:21  SCV  
  64  5:23  Marine x2  
  64  5:24  SCV  
  67  5:30  Barracks  
  67  5:32  Terran Infantry Weapons Level 1, Barracks  
  67  5:33  Terran Infantry Armor Level 1  
  67  5:38  SCV x2  
  69  5:45  Siege Tank  
  69  5:46  Marine x2  
  69  5:48  Marauder  
  69  5:49  Marauder  
  78  5:53  Orbital Command  
  78  5:57  SCV x2  
  80  6:03  Medivac x2  
  84  6:06  Supply Depot  
  84  6:10  Supply Depot  
  84  6:15  SCV x2  
  86  6:19  Barracks Tech Lab  
  86  6:21  Barracks Reactor x2, Concussive Shells  
  86  6:23  Marauder x2, Marine  
  91  6:28  Supply Depot, SCV  
  91  6:29  SCV  
  91  6:31  Missile Turret  
  93  6:37  Armory  
  93  6:38  SCV  
  94  6:41  SCV x2  
  96  6:48  Marine  
  96  6:49  Marauder x2, Marine  
  96  6:53  Medivac x2  
  106  6:56  Refinery  
  106  6:57  Refinery, SCV  
  106  6:58  SCV  
  106  7:01  Missile Turret  
  108  7:03  Missile Turret, SCV  
  108  7:06  Siege Tank  
  112  7:11  SCV x2  
  114  7:16  Marine  
  114  7:17  Marauder  
  114  7:20  Marine  
  114  7:21  Marine x2  
  115  7:23  Marauder  
  103  7:31  Marine  
  103  7:32  Marine  
  102  7:38  Marauder, Siege Tank  
  102  7:40  SCV x2  
  102  7:41  Supply Depot  
  109  7:44  Marauder  
  109  7:47  Supply Depot, Marine x4  
  115  7:59  Barracks  
  115  8:00  Marauder  
  115  8:02  Barracks  
  115  8:04  Marine x2  
  115  8:05  Marine  
  122  8:06  Marauder  
  103  8:21  Marauder  
  103  8:22  Marine x2  
  103  8:23  Marine x2  
  105  8:27  Marauder  
  105  8:28  Marine x2  
Show
View Real Time Build Order
Export as new Build Order

Sen Zerg - Winner!

Build Orders: Hatch First 

Get SALT Encoding   

  12  0:00  Drone  
  13  0:08  Drone  
  14  0:17  Overlord  
  14  0:23  Drone, Extractor  
  15  0:35  Drone  
  15  0:36  Drone  
  17  0:44  Drone  
  18  0:58  Hatchery  
  18  1:00  Drone  
  18  1:05  Drone  
  19  1:16  Spawning Pool  
  18  1:19  Drone  
  18  1:20  Extractor  
  18  1:28  Drone  
  19  1:36  Extractor  
  19  1:39  Drone  
  19  1:51  Overlord  
  19  2:03  Zergling x2, Queen  
  22  2:13  Queen  
  24  2:16  Zergling x2  
  24  2:17  Drone  
  26  2:25  Drone  
  27  2:31  Drone  
  27  2:32  Drone x2, Extractor  
  27  2:33  Metabolic Boost  
  29  2:40  Queen  
  31  2:44  Drone x2, Extractor  
  33  2:53  Overlord  
  33  2:54  Drone  
  34  3:05  Drone  
  34  3:06  Drone  
  34  3:12  Drone x3  
  39  3:16  Drone  
  39  3:17  Drone  
  41  3:21  Overlord  
  41  3:25  Drone x2  
  43  3:29  Overlord  
  43  3:34  Hatchery  
  43  3:40  Roach Warren  
  41  3:45  Overlord  
  41  3:48  Drone x3, Extractor  
  42  3:53  Drone  
  44  3:59  Overlord  
  44  4:03  Overlord  
  44  4:07  Drone x2  
  44  4:08  Extractor  
  45  4:11  Drone x4  
  45  4:13  Evolution Chamber  
  48  4:23  Roach x3  
  54  4:26  Drone x3  
  54  4:28  Drone  
  58  4:31  Drone  
  59  4:47  Roach  
  59  4:50  Zerg Ground Armor Level 1  
  59  4:51  Ravager x3  
  59  4:52  Drone x2, Evolution Chamber  
  65  4:53  Queen  
  65  4:55  Drone x4  
  71  5:03  Overlord  
  71  5:05  Lair  
  71  5:06  Drone  
  72  5:07  Drone  
  72  5:08  Drone  
  72  5:10  Drone  
  72  5:11  Drone x2  
  77  5:17  Zerg Missile Weapons Level 1  
  77  5:18  Overlord, Extractor  
  76  5:21  Ravager  
  76  5:23  Overlord  
  76  5:27  Overlord  
  77  5:32  Spore Crawler  
  76  5:36  Overlord, Drone  
  76  5:37  Drone x2  
  76  5:40  Roach x2  
  76  5:41  Roach  
  85  5:51  Overlord  
  85  5:54  Drone x3  
  85  5:56  Hatchery  
  86  6:05  Extractor, Roach x6  
  86  6:06  Overseer  
  86  6:09  Glial Reconstitution  
  86  6:10  Overlord  
  97  6:11  Burrow  
  97  6:14  Drone x3  
  97  6:15  Drone  
  101  6:22  Roach x4  
  109  6:27  Overlord  
  109  6:29  Roach x2  
  113  6:34  Roach  
  113  6:35  Roach x2  
  113  6:38  Spine Crawler  
  118  6:43  Overlord x2  
  120  6:47  Roach x5  
  128  6:54  Overlord x2  
  128  6:58  Roach x3  
  134  7:11  Roach  
  134  7:12  Roach x4  
  144  7:15  Nydus Network  
  143  7:24  Roach x6  
  143  7:25  Roach  
  143  7:28  Roach x2  
  143  7:29  Roach x20  
  145  7:33  Roach  
  145  7:34  Roach  
  147  7:43  Overlord  
  147  7:49  Roach x6  
  147  7:50  Roach x3  
  165  7:54  Roach  
  165  7:55  Roach  
  169  8:02  Roach x4  
  177  8:09  Nydus Canal  
  177  8:13  Roach x2  
  177  8:19  Roach x4  
  161  8:29  Roach x5  
  158  8:36  Roach  
  158  8:37  Roach x3  
Tags
 
Add a new tag
Caveats
  • Supply blocks, unpowered buildings, or Contaminate may cause inaccurate times.
  • Supply counts are checked every 10 seconds.